 Dungeon Crawl Stone Soup version 0.28-a0-909-g796cbd3a86 (webtiles) character file.

Game seed: 6884436648547431785

17 ders the Caller (level 2, 0/11 HPs)
             Began as a Felid Summoner on Nov 24, 2021.
             Slain by a quokka (4 damage)
             ... on level 1 of the Dungeon.
             The game lasted 00:01:12 (907 turns).

ders the Caller (Felid Summoner)                     Turns: 907, Time: 00:01:13

Health: 0/11       AC:  1    Str:  4    XL:     2   Next: 44%
Magic:  3/6        EV: 17    Int: 16    God:
Gold:   20         SH:  0    Dex: 16    Spells: 4/5 levels left
                                        Lives:  0   Deaths: 0

rFire   . . .      SeeInvis +   (weapon unavailable)
rCold   . . .      Faith    .   (shield unavailable)
rNeg    . . .      Spirit   .   (armour unavailable)
rPois   .          Reflect  .   (helmet unavailable)
rElec   .          Harm     .   (cloak unavailable)
rCorr   .          Rampage  .   (gloves unavailable)
Will    .....                   (boots unavailable)
Stlth   ++........              (no amulet)
HPRegen 0.03/turn               (no ring)
MPRegen 0.10/turn               (no ring)

@: quick
A: very small, claws 1, fangs 3, see invisible, speed 1, shaggy fur 1, stealthy
paws, no weapons or thrown items, no armour, multi-lived
a: no special abilities


You were on level 1 of the Dungeon.
You visited 1 branch of the dungeon, and saw 1 of its levels.

You collected 20 gold pieces.

Inventory:

Potions
 a - 3 potions of curing {unknown}
 b - a potion of mutation {unknown}


   Skills:
 + Level 3.1 Dodging
 - Level 2.6 Stealth
 + Level 2.2 Spellcasting
 * Level 4.3 Summonings


You had 4 spell levels left.
You knew the following spells:

 Your Spells              Type           Power      Damage    Failure   Level
a - Summon Small Mammal   Summ           60%        N/A       3%          1

Your spell library contained the following spells:

 Spells                   Type           Power      Damage    Failure   Level
 Call Imp                 Summ           15%        N/A       4%          2
 Call Canine Familiar     Summ           15%        N/A       10%         3
 Summon Guardian Golem    Hex/Summ       8%         N/A       24%         3
 Summon Lightning Spire   Summ/Air       8%         N/A       63%         4


Dungeon Overview and Level Annotations

Branches:
Dungeon (1/15)

Altars:


Innate Abilities, Weirdness & Mutations

You have sharp claws.
You have razor-sharp teeth.
You have supernaturally acute eyesight. (SInv)
You cover ground quickly. (Speed+)
You are covered in fur. (AC +1)
Your paws help you pounce on unaware monsters.
You are incapable of wielding weapons or throwing items.
You cannot wear armour.
You gain extra lives every three experience levels.


Message History

The ball python barely misses your quokka.
Your quokka bites the ball python.
The quokka twitches its whiskers.
The quokka misses you.
The ball python bites your quokka but does no damage.
The ball python closely misses your quokka.
Your quokka barely misses the ball python.
The quokka closely misses you. The ball python misses your quokka.
The ball python grabs your quokka. The ball python constricts your quokka.
Your quokka completely misses the ball python.
The quokka misses you. The ball python bites your quokka.
The ball python constricts your quokka.
Your quokka bites the ball python.
The quokka bites you.
The ball python closely misses your quokka.
The ball python constricts your quokka. The quokka bites you.
Your quokka bites the ball python.
The ball python dies!
A quokka is nearby!
A quokka is nearby!
The quokka misses you.
Your quokka closely misses the quokka.
Your quokka closely misses the quokka.
Casting: Summon Small Mammal (safe; 3% risk of failure)
Confirm with . or Enter, or press ? or * to list all spells.
The quokka completely misses you.
The quokka twitches its whiskers.
The quokka completely misses you.
Your quokka closely misses the quokka.
Unknown command.
Your rat closely misses the quokka.
What are your orders? t - Meow!
Orders for allies: a - Attack new target. r - Retreat! s - Stop attacking. g - Guard the area. f - Follow me.
Anything else - Cancel.
Gang up on whom?
Press: ? - help, Dir - move target, f - quokka
Aim: a quokka (lightly wounded, ally target) Attack!
The quokka bites you.
Your quokka misses the quokka.
Your rat closely misses the quokka.
The quokka bites you.
You die...

#.#
#...........#
#.#
#.#.........#
#.#
#.#.>.....
#.# #........
#.# #.# #.#
## #.#
#####...#
#.#####@....#
#......r###.#
#####.rr....#
#....####
#.......#
#.#.###.#
#.#.# # #.#.#
#.#!..#


You could see a quokka (ally target), a friendly quokka (summoned) and a
friendly rat (summoned).

Vanquished Creatures
  A frilled lizard (D:1)
1 creature vanquished.

Vanquished Creatures (collateral kills)
  A dart slug (D:1)
  3 ball pythons (D:1)
  An endoplasm (D:1)
  A giant cockroach (D:1)
  A hobgoblin (D:1)
  3 goblins (D:1)
  2 kobolds (D:1)
  A rat (D:1)
13 creatures vanquished.

Grand Total: 14 creatures vanquished

Notes
Turn   | Place    | Note
-------+----------+-------------------------------------------
     0 | D:1      | ders the Felid Summoner began the quest for the Orb.
     0 | D:1      | Reached XP level 1. HP: 7/7 MP: 4/4
   546 | D:1      | Reached XP level 2. HP: 11/11 MP: 3/6
   907 | D:1      | Slain by a quokka

Illustrated notes

Levels and vault maps discovered:
D:1:      roderic_chinese_lattice_arrival, layout_loops_ring

Skill      XL: |  1 |
---------------+----+-----
Dodging        | 3 |  3.1
Stealth        | |  2.6
Spellcasting   | |  2.2
Summonings     | |  4.3

Action                   || total
-------------------------++-------
Melee: Unarmed           ||     5
 Cast: Summon Small Mamm ||    25
Dodge: Dodged            ||    15

Table legend: (Time is in decaauts)
 A = Elapsed time spent in this place.
 B = Non-inter-level travel time spent in this place.
 C = Inter-level travel time spent in this place.
 D = Time resting spent in this place.
 E = Time spent auto-exploring this place.
 F = Levels seen in this place.
 G = Mean time per level.
                   A        B        C        D        E       F      G
               +--------+--------+--------+--------+--------+-----+--------+
         Total |    857 |    857 |      0 |    403 |    304 |   1 |  857.0 |
       Dungeon |    857 |    857 |      0 |    403 |    304 |   1 |  857.0 |
               +--------+--------+--------+--------+--------+-----+--------+

Top non-repeatable levels by time:
     D:1: 857 daAuts
